 Dungeon Sprint DCSS version 0.21-a0-94-gdd6ab6a (webtiles) character file.

272 Angani the Earth Mage (level 9, -3/45 HPs)
             Began as a Gargoyle Earth Elementalist on July 2, 2017.
             Was a High Priest of Vehumet.
             Slain by a naga warlord
             ... wielding a +0 dire flail
              (5 damage)
             ... in the Dungeon (Sprint VI: "Thunderdome").
             The game lasted 00:09:16 (648 turns).

Angani the Earth Mage (Gargoyle Earth Elementalist)  Turns: 648, Time: 00:09:17

Health: -3/45      AC: 11    Str: 12    XL:     9   Next: 4%
Magic:  7/23       EV:  9    Int: 30    God:    Vehumet [*****.]
Gold:   133        SH:  0    Dex: 11    Spells: 19/28 levels left

rFire    x . .     SeeInvis .   (no weapon)
rCold    + . .     Gourm    .   (no shield)
rNeg     + . .     Faith    .   c - +0 robe
rPois    ∞         Spirit   .   (no helmet)
rElec    +         Reflect  .   (no cloak)
rCorr    +         Harm     .   r - +3 pair of gloves "Xaucitef" {rElec Int+3 Dex-3}
MR       ++...     NoTele   +   (no boots)
Stlth    +++.......             o - amulet of Vehumet's Delight {RegenMP Int+4 Slay+3}
HPRegen  0.15/turn              p - ring "Sural" {rCorr *Slow rPois MR++ Stlth+}
MPRegen  0.43/turn              q - ring "Beusinn" {Ice rPois Int+4 Dex+4}

@: constricted
A: negative energy resistance 1, electricity resistance, unbreathing,
petrification resistance, rot immunity, AC +5
a: Renounce Religion


You were in the Dungeon.
You worshipped Vehumet.
Vehumet was extremely pleased with you.
You were not hungry.

You visited 1 branch You collected 600 gold pieces.
You spent 467 gold pieces at shops.

Inventory:

Missiles
 b - 12 stones (quivered)
Armour
 c - a +0 robe (worn)
 r - the +3 pair of gloves "Xaucitef" (worn) {rElec Int+3 Dex-3}
   (You bought it in a shop in the Dungeon)

   It affects your intelligence (+3).
   It affects your dexterity (-3).
   It insulates you from electricity.
Jewellery
 o - the amulet of Vehumet's Delight (around neck) {RegenMP Int+4 Slay+3}
   (You bought it in a shop in the Dungeon)

   [amulet of magic regeneration]

   It increases your magic regeneration.
   It affects your intelligence (+4).
   It affects your accuracy and damage with ranged weapons and melee attacks
   (+3).
 p - the ring "Sural" (left hand) {rCorr *Slow rPois MR++ Stlth+}
   (You bought it in a shop in the Dungeon)

   [ring of resist corrosion]

   It protects you from poison.
   It affects your resistance to hostile enchantments.
   It may slow you when you take damage.
   It makes you more stealthy.
 q - the ring "Beusinn" (right hand) {Ice rPois Int+4 Dex+4}
   (You bought it in a shop in the Dungeon)

   [ring of ice]

   It enhances your ice magic.
   It affects your intelligence (+4).
   It affects your dexterity (+4).
   It makes you vulnerable to fire.
   It protects you from cold.
   It protects you from poison.
Wands
 l - a wand of acid (0/15)
 m - a wand of iceblast (0/15)
Scrolls
 j - 4 scrolls of blinking
 n - 3 scrolls of fog
Potions
 a - a potion of resistance
 e - a potion of curing
 f - 4 potions of heal wounds
 g - 4 potions of haste
 h - 2 potions of magic
 i - a potion of berserk rage
Books
 k - a book of Geomancy

   Spells                             Type                      Level
   a - Sandblast                      Earth                        1
   b - Passwall                       Transmutation/Earth          2
   c - Stone Arrow                    Conjuration/Earth            3
   d - Petrify                        Transmutation/Earth          4
   e - Lee's Rapid Deconstruction     Earth                        5
Comestibles
 d - a bread ration


   Skills:
 - Level 1.5 Dodging
 - Level 2.1 Stealth
 + Level 10.2 Spellcasting
 - Level 8.7 Conjurations
   Level 0.7 Transmutations
 * Level 16.4 Earth Magic


You had 19 spell levels left.
You knew the following spells:

 Your Spells              Type           Power        Failure   Level  Hunger
a - Sandblast             Erth           ######       0%          1    None
b - Stone Arrow           Conj/Erth      ######       1%          3    None
c - Lee's Rapid Deconstr  Erth           #######...   1%          5    ###....


Dungeon Overview and Level Annotations

Branches:
Dungeon (1/1)

Altars:
Cheibriados
Dithmenos
Fedhas
Gozag
Kikubaaqudgha
Makhleb
Okawaru
Qazlal
Ru
Sif Muna
Trog
Uskayaw
Vehumet
Wu Jian
Xom
Yredelemnul
Zin
The Shining One
Beogh
Jiyva
Lugonu

Shops:
D *[%??*?*:[((!!!!


Innate Abilities, Weirdness & Mutations

You are resistant to torment.
Your stone body is resilient. (AC +5)
You are immune to poison.
You resist negative energy. (rN+)
You are resistant to electric shocks. (rElec)
You can survive without breathing.
You are immune to petrification.
You are immune to rotting.


Message History

The naga warlord hits you with a dire flail!
The naga warlord grabs you. The naga warlord constricts you.
Unknown command.
Unknown command.
Casting: Stone Arrow
Confirm with . or Enter, or press ? or * to list all spells.
Aiming: Stone Arrow
Press: ? - help, Shift-Dir - straight line, f/p - naga warlord
Aim: a naga warlord, wielding a dire flail (heavily wounded, constricting you)
The stone arrow hits the naga warlord.
The naga warlord is severely wounded.
The naga sharpshooter unwields an uncursed dire flail.
The naga sharpshooter wields an uncursed shortbow.
The naga sharpshooter mumbles some strange words.
The naga sharpshooter magically shoots an arrow.
The arrow hits you!
* * * LOW HITPOINT WARNING * * *
The naga warlord hits you with a dire flail!
* * * LOW HITPOINT WARNING * * *
You die...

#⌠...[.......⌠#
#####.8†........8.######
∩___......###......___∩##
........8.# #[8........N###
..........###.............##
.......###...###.)........⌠#
.[..[[.# #.<.# #..........⌠#
.......###...###N...†.....⌠#
.......)..###...@.........##
........8.# #.8†.†.....∩###
∩._.....).###......___∩##
#####.8..[..[...8.######
#⌠...........⌠#
###.........### #_........#
#_......._# #_......._#


You could see a naga warlord and a naga sharpshooter.

Vanquished Creatures
  A naga mage (D)
  A jumping spider (D)
  A water elemental (D)
  A redback (D)
  A tarantella (D)
  3 orc warriors (D)
  2 ice beasts (D)
  Blork the orc (D)
  3 scorpions (D)
  An orc priest (D)
  5 orcs (D)
  A ball python simulacrum (D)
  2 quokka simulacra (D)
23 creatures vanquished.

Notes
Turn   | Place    | Note
-------+----------+-------------------------------------------
     0 | D        | Angani the Gargoyle Earth Elementalist began the quest for the Orb.
     0 | D        | Reached XP level 1. HP: 10/10 MP: 3/3
     3 | D        | Found an iron altar of Okawaru.
     3 | D        | Found a viscous altar of Jiyva.
     4 | D        | Found a burning altar of Makhleb.
     4 | D        | Found an ancient bone altar of Kikubaaqudgha.
     5 | D        | Found a roughly hewn altar of Beogh.
     5 | D        | Found a snail-covered altar of Cheibriados.
     5 | D        | Round 1.
     9 | D        | Found a radiant altar of Vehumet.
    10 | D        | Found a blossoming altar of Fedhas.
    10 | D        | Found a basalt altar of Yredelemnul.
    12 | D        | Found Eteczenyots's Do-It-Yourself Clinic.
    12 | D        | Found an opulent altar of Gozag.
    12 | D        | Found Najinn's Distillery.
    13 | D        | Found Qifoc's Bottled Wisdom.
    13 | D        | Found Pawif's Distillery.
    17 | D        | Became a worshipper of Vehumet
    22 | D        | Found a corrupted altar of Lugonu.
    22 | D        | Found a stormy altar of Qazlal.
    22 | D        | Found a bloodstained altar of Trog.
    22 | D        | Found Vauvagish's Weapon Rack.
    22 | D        | Found Evvutimus's Premium Goods.
    23 | D        | Found Oteprar's Basic Armour.
    23 | D        | Found Feesh's Miscellaneous Merchandise.
    29 | D        | Reached skill level 4 in Earth Magic
    47 | D        | Found a glowing golden altar of the Shining One.
    49 | D        | Found Biziruy's Identification Station.
    51 | D        | Found Oggaut's Advanced Armour.
    51 | D        | Found Teliet's Jewellery.
    52 | D        | Found a sacrificial altar of Ru.
    52 | D        | Found an ornate altar of the Wu Jian Council.
    52 | D        | Found a glowing silver altar of Zin.
    52 | D        | Found Umoff's Bee Food.
    56 | D        | Found a hide-covered altar of Uskayaw.
    57 | D        | Found a deep blue altar of Sif Muna.
    58 | D        | Found a shimmering altar of Xom.
    59 | D        | Found Zupt's Magic Scroll Shop.
    60 | D        | Found a shadowy altar of Dithmenos.
    60 | D        | Found Ewotauc's Staff Store.
    60 | D        | Found Emixis's Magic Scroll Shop.
    60 | D        | Found Liecoilo's Must-Have Magic.
   117 | D        | Noticed an orc warrior
   121 | D        | Killed an orc warrior
   121 | D        | Reached * piety under Vehumet
   121 | D        | Offered knowledge of Magic Dart by Vehumet.
   121 | D        | Reached skill level 5 in Spellcasting
   121 | D        | Reached skill level 8 in Earth Magic
   121 | D        | Reached XP level 2. HP: 15/15 MP: 4/8
   121 | D        | Reached XP level 3. HP: 19/19 MP: 5/10
   121 | D        | Reached XP level 4. HP: 24/24 MP: 5/11
   126 | D        | Learned a level 3 spell: Stone Arrow
   131 | D        | Noticed Blork the orc
   135 | D        | Killed Blork the orc
   135 | D        | Reached skill level 9 in Earth Magic
   135 | D        | Reached XP level 5. HP: 28/28 MP: 0/14
   171 | D        | Arena points: 12 (+12) [x2]
   181 | D        | Bought a scintillating bronze amulet for 45 gold pieces
   181 | D        | Bought a glittering granite ring for 45 gold pieces
   181 | D        | Bought a scorched lapis lazuli ring for 45 gold pieces
   181 | D        | Identified the amulet of Vehumet's Delight {RegenMP Int+4 Slay+3} (You bought it in a shop in the Dungeon)
   182 | D        | Identified the ring "Sural" {rCorr *Slow rPois MR++ Stlth+} (You bought it in a shop in the Dungeon)
   183 | D        | Identified the ring "Beusinn" {Ice rPois Int+4 Dex+4} (You bought it in a shop in the Dungeon)
   205 | D        | Round 2.
   213 | D        | Reached ** piety under Vehumet
   273 | D        | Noticed an orc warrior
   278 | D        | Killed an orc warrior
   278 | D        | Offered knowledge of Shock by Vehumet.
   278 | D        | Reached skill level 11 in Earth Magic
   278 | D        | Reached XP level 6. HP: 32/32 MP: 9/16
   291 | D        | Noticed an orc warrior
   295 | D        | Killed an orc warrior
   346 | D        | Arena points: 48 (+36) [x3]
   346 | D        | Reached skill level 12 in Earth Magic
   402 | D        | Round 3.
   403 | D        | Noticed a redback
   405 | D        | Killed a redback
   405 | D        | Reached *** piety under Vehumet
   405 | D        | Reached XP level 7. HP: 36/36 MP: 9/17
   420 | D        | Reached skill level 13 in Earth Magic
   438 | D        | Offered knowledge of Dazzling Spray by Vehumet.
   439 | D        | Noticed a tarantella
   443 | D        | Killed a tarantella
   443 | D        | Reached skill level 14 in Earth Magic
   444 | D        | Noticed a jumping spider
   447 | D        | Killed a jumping spider
   447 | D        | Reached **** piety under Vehumet
   447 | D        | Reached XP level 8. HP: 41/41 MP: 13/21
   482 | D        | Arena points: 132 (+84) [x4]
   496 | D        | Learned a level 5 spell: Lee's Rapid Deconstruction
   541 | D        | Round 4.
   550 | D        | Noticed a water elemental
   552 | D        | Reached ***** piety under Vehumet
   554 | D        | Killed a water elemental
   554 | D        | Reached skill level 15 in Earth Magic
   559 | D        | Arena points: 272 (+140) [x5]
   617 | D        | Bought a pair of dazzling gloves for 332 gold pieces
   622 | D        | Identified the +3 pair of gloves "Xaucitef" {rElec Int+3 Dex-3} (You bought it in a shop in the Dungeon)
   625 | D        | Round 5.
   637 | D        | Noticed a naga mage
   638 | D        | Noticed a naga warlord
   645 | D        | Killed a naga mage
   645 | D        | Offered knowledge of Fulminant Prism by Vehumet.
   645 | D        | Reached skill level 10 in Spellcasting
   645 | D        | Reached skill level 16 in Earth Magic
   645 | D        | Reached XP level 9. HP: 45/45 MP: 15/23
   647 | D        | Noticed a naga sharpshooter
   648 | D        | HP: 2/45 [naga warlord/dire flail (10)]
   648 | D        | Slain by a naga warlord

Vault maps used:
D:        arena_sprint

Skill      XL: |  1  2  3  4  5  6  7  8 |
---------------+-------------------------+-----
Earth Magic    | 8 9 11 12 14 16 | 16.4
Spellcasting   | 5 7 9 10 | 10.2
Conjurations   | 4 8 |  8.7
Dodging        | |  1.5
Stealth        | |  2.1
Transmutations | |  0.7

Action                   |  1- 3 |  4- 6 |  7- 9 || total
-------------------------+-------+-------+-------++-------
 Cast: Sandblast         |     4 |     7 |     7 ||    18
       Stone Arrow       |       |     9 |    19 ||    28
Evoke: Wand              |     2 |     3 |     5 ||    10
Armor: Robe              |       |       |     1 ||     1
